Cogmind - Beta 10.2 @@@ ROGUE MODE // 2021.06.07 @ 05:37:55 Player: Exp. Geonium Core Result: Self-destructed Performance ------------- Evolutions (8) 4000 Regions Visited (13) 2600 Robots Destroyed (34) 170 Value Destroyed (819) 819 Prototype IDs (17) 340 Alien Tech Used (0) 0 Bonus (115) 115 TOTAL SCORE: 8044 Bonus ------- Follower Combat Kills 117 Entered Garrisons 200 Friendly Fire -202 Cogmind --------- Core Integrity 16/1450 Matter 29/300 Energy 0/100 System Corruption 10% Temperature Cool (2) Movement Flying (34) Location -2/Research Parts ------- > --- POWER (2) -------- (None) > --- PROPULSION (4) --- Electron Diverter Impulse Thruster Array > --- UTILITY (15) ----- Experimental Terrain Scan Processor Hacking Suite > --- WEAPON (2) ------- (None) > --- INVENTORY (4) ---- Impulse Thruster Array Reaction Control System Peak State ------------ > --- POWER ------------ Micro Fission Core Light Particle Reactor > --- PROPULSION ------- Cooled Cesium-ion Thruster Cooled Cesium-ion Thruster Q-thruster Q-thruster > --- UTILITY ---------- Advanced Sensor Array Advanced Signal Interpreter Experimental Terrain Scan Processor Advanced Transmission Jammer Hacking Suite Hacking Suite Hacking Suite Hacking Suite Improved Hacking Suite Advanced Hacking Suite Advanced System Shield Advanced System Shield Advanced System Shield > --- WEAPON ----------- Field Lobotomy Kit Katana > --- INVENTORY -------- Structural Scanner Reaction Control System System Shield Hardcell Cannon [Rating: 116] Favorites ----------- Power Fission Core Engine Ion Engine Power Core Fission Core Reactor Light Particle Reactor Propulsion Light Treads Treads Light Treads Leg Carbon-fiber Leg Wheel Wheel Flight Unit Cooled Cesium-ion Thruster Utility Hacking Suite Device Experimental Sensor Array Storage High-capacity Storage Unit Processor Advanced Signal Interpreter Hackware Hacking Suite Protection Medium Armor Plating Weapon Medium Laser Energy Gun Medium Laser Ballistic Gun Hypervelocity Gauss Rifle Ballistic Cannon Gauss Cannon Special Weapon Field Lobotomy Kit Slashing Weapon Katana Build | -11 -10 -10 -10 -9 -8 -7 -6 -5 -4 -3 -2 -2 -2 ------- Run | Scr Mat Min Exi Min Mat Fac Fac Fac Fac Res Res Gar Res Slots Evolved 16 | . . . . . 4 2 2 2 2 2 2 . . Power 1 | . . . . . . . . 1 . . . . . Propulsion 2 | . . . . . 1 . . . 1 . . . . Utility 13 | . . . . . 3 2 2 1 1 2 2 . . Weapon . | . . . . . . . . . . . . . . Parts Attached 92 | 4 2 1 6 4 20 12 9 8 6 8 4 2 6 Power 7 | . . . 1 . 1 1 1 1 . 1 . . 1 Engine 1 | . . . 1 . . . . . . . . . . Core 5 | . . . . . 1 1 1 1 . . . . 1 Reactor 1 | . . . . . . . . . . 1 . . . Propulsion 20 | 2 . . 1 1 2 3 1 4 1 2 . . 3 Treads 6 | 2 . . . . 1 2 1 . . . . . . Leg 1 | . . . 1 . . . . . . . . . . Wheel 3 | . . . . 1 1 1 . . . . . . . Hover . | . . . . . . . . . . . . . . Flight 10 | . . . . . . . . 4 1 2 . . 3 Utility 45 | . 2 1 2 2 12 7 4 3 4 4 2 1 1 Device 18 | . 1 1 . 1 3 3 1 2 2 1 2 . 1 Storage 3 | . . . 2 . . . . . . . . 1 . Processor 10 | . . . . 1 7 1 . . 1 . . . . Hackware 11 | . . . . . . 3 3 1 1 3 . . . Protection 3 | . 1 . . . 2 . . . . . . . . Artifact . | . . . . . . . . . . . . . . Weapon 20 | 2 . . 2 1 5 1 3 . 1 1 2 1 1 Energy Gun 6 | 2 . . 1 . 2 . . . . . . . 1 Energy Cannon . | . . . . . . . . . . . . . . Ballistic Gun 5 | . . . . 1 3 . 1 . . . . . . Ballistic Cannon 6 | . . . . . . 1 1 . 1 . 2 1 . Launcher . | . . . . . . . . . . . . . . Special Weapon 2 | . . . 1 . . . . . . 1 . . . Impact Weapon . | . . . . . . . . . . . . . . Slashing Weapon 1 | . . . . . . . 1 . . . . . . Piercing Weapon . | . . . . . . . . . . . . . . Special Melee Weapon . | . . . . . . . . . . . . . . Unidentified Prototypes 5 | . . 1 1 . 2 . . . . . . . 1 Parts Lost 32 | . . . . . 1 4 2 1 2 3 5 9 5 Power 4 | . . . . . . 2 . . . . 1 . 1 Propulsion 9 | . . . . . . 1 1 1 1 1 3 . 1 Utility 14 | . . . . . . 1 . . 1 1 1 8 2 Weapon 5 | . . . . . 1 . 1 . . 1 . 1 1 Highest Loss Streak 9 | . . . . . 1 3 1 1 2 2 7 9 3 Average Slot Usage (%) 91 | . 82 85 91 99 98 96 95 95 96 92 65 35 19 Engine 1 | . . . 6 14 2 . . . . . . . . Core 3 | . . . . . 6 4 4 8 10 4 2 . . Treads 13 | . 28 28 19 14 14 15 13 . . . . . . Leg 1 | . . . 8 2 . . . . . . . . . Wheel 3 | . . . . 11 12 7 3 . . . . . . Flight 3 | . . . . . . . . 16 20 18 4 . 4 Device 12 | . 13 14 14 . 8 17 8 16 14 6 11 4 3 Storage 4 | . . . 6 14 9 7 6 . . . . . . Processor 10 | . . . . 12 26 20 8 5 5 9 8 6 4 Hackware 14 | . . . . . . 6 34 35 35 40 36 21 5 Protection 2 | . 12 14 7 . . . . . . . . . . Energy Gun 10 | . 28 28 27 14 6 7 2 . . . . . . Ballistic Gun 2 | . . . . 14 10 . 3 3 . . . . . Ballistic Cannon 1 | . . . . . . 6 1 . 2 . . 1 . Slashing Weapon 1 | . . . . . . . 4 5 5 3 . . . Naked Turns . | . . . . . . . . . . . . . . Heaviest Build 54 | 3 11 11 41 44 51 50 54 26 31 31 23 11 7 Greatest Support 51 | 40 40 40 40 15 20 40 51 36 43 38 30 3 40 Greatest Overweight (x) 5 | . . . 2 4 5 4 5 . . 1 . 3 2 Average Overweight (x) . | . . . . 3 3 2 3 . . . . . . Largest Inventory Capacity 12 | 4 4 4 12 12 12 12 12 12 4 4 4 4 4 Average Capacity 8 | 4 4 4 6 12 12 12 12 4 4 4 4 4 4 Most Carried 12 | . 1 2 7 12 11 12 10 7 4 4 4 4 4 Average Carried 5 | . . 1 3 9 9 8 7 3 3 3 3 3 1 Final Capacity 12 | 4 4 4 12 12 12 12 12 4 4 4 4 4 4 Final Carried 12 | . 1 2 7 12 10 11 7 4 4 4 4 3 3 Class Distribution -------------------- 36% | Mutant 17% | Scavenger-Mutant 13% | Wizard-Ninja 9% | Hacker-Mutant 9% | Wizard-Mutant 6% | Wizard-Sprinter Dominant Class ---------------- Mutant | -10/Materials Mutant | -10/Mines Mutant | -10/Exiles Mutant | -9/Mines Scavenger-Mutant | -8/Materials Scavenger-Mutant | -7/Factory Wizard-Mutant | -6/Factory Wizard-Ninja | -5/Factory Wizard-Ninja | -4/Factory Wizard-Sprinter | -3/Research Wizard-Sprinter | -2/Research Wizard-Mutant | -2/Garrison Mutant | -2/Research Resources | -11 -10 -10 -10 -9 -8 -7 -6 -5 -4 -3 -2 -2 -2 ----------- Run | Scr Mat Min Exi Min Mat Fac Fac Fac Fac Res Res Gar Res Matter Collected 1191 | 165 . 93 62 90 367 56 120 72 75 67 . . 24 Remotely . | . . . . . . . . . . . . . . Salvage Created 1364 | . . . 139 71 846 94 120 . 27 67 . . . Parts 77 | . . . 7 7 49 2 9 . 1 2 . . . Haulers Intercepted 1 | . . . . . 1 . . . . . . . . Recyclers Shooed . | . . . . . . . . . . . . . . Parts Field Recycled . | . . . . . . . . . . . . . . Retrieved Matter . | . . . . . . . . . . . . . . Parts Self-Destructed . | . . . . . . . . . . . . . . Prevented . | . . . . . . . . . . . . . . Kills | -11 -10 -10 -10 -9 -8 -7 -6 -5 -4 -3 -2 -2 -2 ------- Run | Scr Mat Min Exi Min Mat Fac Fac Fac Fac Res Res Gar Res Combat Hostiles Destroyed 20 | . . . . 3 14 2 1 . . . . . . Melee 1 | . . . . . . . 1 . . . . . . Guns 18 | . . . . 3 14 1 . . . . . . . Cannons 1 | . . . . . . 1 . . . . . . . Classes Destroyed 13 | . . . . 4 6 1 1 . . 1 . . . Worker 7 | . . . . 2 1 . 3 . 1 . . . . Builder 3 | . . . . . 3 . . . . . . . . Tunneler 1 | . . . . 1 . . . . . . . . . Hauler 1 | . . . . . 1 . . . . . . . . Recycler 1 | . . . . . 1 . . . . . . . . Mechanic 1 | . . . . . . . 1 . . . . . . Watcher 1 | . . . . . 1 . . . . . . . . Swarmer 4 | . . . . 1 3 . . . . . . . . Grunt 7 | . . . . . 6 1 . . . . . . . Sentry 5 | . . . . . 5 . . . . . . . . Hunter 1 | . . . . . . . . . . 1 . . . Programmer 2 | . . . . . . 1 1 . . . . . . Assembled 2 | . . . . 2 . . . . . . . . . Best Kill Streak 5 | . . . . 2 5 1 2 . 1 . . . . Combat Bots Only 3 | . . . . 1 3 1 1 . . . . . . Max Kills in Single Turn 2 | . . . . 1 2 1 1 . 1 1 . . . Gunslinging . | . . . . . . . . . . . . . . Exploded . | . . . . . . . . . . . . . . Melee 1 | . . . . . . . 1 . . . . . . Uniques/NPCs Destroyed . | . . . . . . . . . . . . . . Combat | -11 -10 -10 -10 -9 -8 -7 -6 -5 -4 -3 -2 -2 -2 -------- Run | Scr Mat Min Exi Min Mat Fac Fac Fac Fac Res Res Gar Res Damage Taken 4293 | . 88 . . 29 324 511 377 53 120 317 410 925 1139 Core 1863 | . 19 . . 23 71 63 49 53 18 133 231 585 618 Absorbed by Shields . | . . . . . . . . . . . . . . Core Remaining (%) 92 | 100 . . . 83 87 91 94 94 98 89 . . . Volleys Fired 114 | . . . 11 11 38 27 14 . . 5 2 6 . Largest 2 | . . . 2 2 2 2 1 . . 1 1 1 . Hottest 109 | . . . 90 90 89 109 48 . . . 65 65 . Shots Fired 170 | . . . 22 22 67 32 14 . . 5 2 6 . Gun 118 | . . . 22 22 67 5 2 . . . . . . Cannon 47 | . . . . . . 27 12 . . . 2 6 . Launcher . | . . . . . . . . . . . . . . Special 5 | . . . . . . . . . . 5 . . . Kinetic 103 | . . . . 10 44 27 14 . . . 2 6 . Thermal 62 | . . . 22 12 23 5 . . . . . . . Explosive . | . . . . . . . . . . . . . . Electromagnetic . | . . . . . . . . . . . . . . Robot Hit Streak 21 | . . . 10 21 9 5 3 . . 3 . 8 . Robot Miss Streak 3 | . . . 2 3 2 1 2 . . 1 . . . Penetration Max 1 | . . . . . 1 . 1 . . . . . . Secondary Targets 2 | . . . . . 2 . . . . . . . . Max Gunslinging Chain 1 | . . . . . 1 . . . . . . . . Shots Hit Robots 115 | . . . 15 13 45 8 21 . 2 6 . 5 . Core Hits 54 | . . . 6 6 27 3 8 . 1 1 . 1 1 Critical Hits 2 | . . . . . 1 . 1 . . . . . . Critical Kills 1 | . . . . . 1 . . . . . . . . Critical Parts Destroyed 1 | . . . . . . . 1 . . . . . . Melee Attacks 67 | . . . . . . . 27 26 8 6 . . . Impact . | . . . . . . . . . . . . . . Slashing 67 | . . . . . . . 27 26 8 6 . . . Piercing . | . . . . . . . . . . . . . . Sneak Attacks 8 | . . . . . . . 5 . 1 2 . . . Combat Hostiles . | . . . . . . . . . . . . . . Follow-up Attacks . | . . . . . . . . . . . . . . Damage Inflicted 3266 | . . . 199 230 1070 153 1032 . 153 219 . 197 13 Guns 1571 | . . . 199 230 1070 65 7 . . . . . . Cannons 424 | . . . . . . 88 141 . . . . 195 . Explosions . | . . . . . . . . . . . . . . Melee 1256 | . . . . . . . 884 . 153 219 . . . Ramming 15 | . . . . . . . . . . . . 2 13 Kinetic 1439 | . . . . 167 841 88 148 . . . . 195 . Thermal 556 | . . . 199 63 229 65 . . . . . . . Explosive . | . . . . . . . . . . . . . . Electromagnetic . | . . . . . . . . . . . . . . Impact . | . . . . . . . . . . . . . . Slashing 1256 | . . . . . . . 884 . 153 219 . . . Piercing . | . . . . . . . . . . . . . . Highest Corruption 10 | . 1 1 1 1 2 3 1 . . . . 3 10 Average Corruption 1 | . 1 1 1 1 2 1 1 . . . . 2 4 Corruption Purged . | . . . . . . . . . . . . . . Effects 13 | . . 2 . 2 . 3 1 . . . . . 5 Message Errors 6 | . . 1 . 1 . 1 1 . . . . . 2 Matter Fused 2 | . . . . . . . . . . . . . 2 Energy Discharges 1 | . . . . . . 1 . . . . . . . Data Loss (minor) 3 | . . 1 . 1 . 1 . . . . . . . Data Loss (major) 1 | . . . . . . . . . . . . . 1 Overload Shots . | . . . . . . . . . . . . . . Overflow Damage 413 | . . . . . . . 249 . 77 87 . . . Projectiles . | . . . . . . . . . . . . . . Explosions . | . . . . . . . . . . . . . . Melee 413 | . . . . . . . 249 . 77 87 . . . Knockbacks 2 | . . . . . . 1 1 . . . . . . Impact . | . . . . . . . . . . . . . . Kinetic 2 | . . . . . . 1 1 . . . . . . Secondary . | . . . . . . . . . . . . . . Self-Inflicted Damage 6 | . . . . . . . . . . . . . 6 Shots . | . . . . . . . . . . . . . . Rammed 5 | . . . . . . . . . . . . 2 3 Targets Rammed 5 | . . . . . . . . . . . . 2 3 Kicked . | . . . . . . . . . . . . . . Crushed . | . . . . . . . . . . . . . . Highest Temperature 150 | . . . 144 54 150 43 . 13 140 7 . 15 . Average Temperature 40 | . . . 58 23 43 21 . 9 53 4 . 15 . Received Heat Transfer 516 | . . . . . 144 54 108 9 . 39 9 117 36 Siege Activations . | . . . . . . . . . . . . . . Robots Corrupted . | . . . . . . . . . . . . . . Combat Hostiles . | . . . . . . . . . . . . . . Parts Fried . | . . . . . . . . . . . . . . Impact Corruptions . | . . . . . . . . . . . . . . Robots Melted . | . . . . . . . . . . . . . . Combat Hostiles . | . . . . . . . . . . . . . . Parts Melted . | . . . . . . . . . . . . . . Heat Transferred 1212 | . . . 447 173 481 111 . . . . . . . Parts Sabotaged . | . . . . . . . . . . . . . . Parts Stolen . | . . . . . . . . . . . . . . Parts Stripped . | . . . . . . . . . . . . . . Power Chain Reactions . | . . . . . . . . . . . . . . Missiles Intercepted . | . . . . . . . . . . . . . . Alert | -11 -10 -10 -10 -9 -8 -7 -6 -5 -4 -3 -2 -2 -2 ------- Run | Scr Mat Min Exi Min Mat Fac Fac Fac Fac Res Res Gar Res Peak Influence 472 | . . . . 92 377 247 113 472 318 287 161 104 207 Initial 231 | . . . . . 35 171 29 7 231 78 161 39 47 Average 82 | . . . . 89 222 96 30 33 223 140 44 66 60 Maximum Alert Level 2 | . . . . . 1 1 . 2 1 1 . . 1 Low Security (%) 85 | 100 100 100 . 100 33 84 100 98 33 85 100 100 99 Level 1 14 | . . . . . 66 15 . . 66 14 . . . Level 2 . | . . . . . . . . 1 . . . . . Level 3 . | . . . . . . . . . . . . . . Level 4 . | . . . . . . . . . . . . . . Level 5 . | . . . . . . . . . . . . . . High Security . | . . . . . . . . . . . . . . Max Security . | . . . . . . . . . . . . . . Squads Dispatched 14 | . 2 . . . 2 2 1 . . 2 3 . 2 Investigation 1 | . . . . . 1 . . . . . . . . Extermination 4 | . . . . . . 2 1 . . 1 . . . Reinforcement 8 | . 2 . . . 1 . . . . . 3 . 2 Assault . | . . . . . . . . . . . . . . Garrison 1 | . . . . . . . . . . 1 . . . Intercept . | . . . . . . . . . . . . . . Construction Impeded . | . . . . . . . . . . . . . . Haulers Reinforced . | . . . . . . . . . . . . . . Stealth | -11 -10 -10 -10 -9 -8 -7 -6 -5 -4 -3 -2 -2 -2 --------- Run | Scr Mat Min Exi Min Mat Fac Fac Fac Fac Res Res Gar Res Distress Signals 3 | . . . . . 1 . . 1 . . . . 1 Communications Jammed 12 | . . . . . . . . . . 12 . . . Distress Signals 12 | . . . . . . . . . . 12 . . . Times Spotted 132 | . 1 . . 7 26 7 4 4 5 22 16 12 28 Peak Tracking Total 20 | . . . . 3 7 3 1 3 3 11 11 8 20 Tactical Retreats 14 | . . . . . 4 . 1 2 . 1 1 4 1 Traps | -11 -10 -10 -10 -9 -8 -7 -6 -5 -4 -3 -2 -2 -2 ------- Run | Scr Mat Min Exi Min Mat Fac Fac Fac Fac Res Res Gar Res Traps Triggered 10 | . 3 . . . 2 1 . . . 1 1 1 1 Indirectly . | . . . . . . . . . . . . . . Trap Hack Attempts . | . . . . . . . . . . . . . . Triggered . | . . . . . . . . . . . . . . Disarmed 7 | . . . . . 6 . . . . 1 . . . Reprogrammed . | . . . . . . . . . . . . . . Reused . | . . . . . . . . . . . . . . Traps Extracted . | . . . . . . . . . . . . . . Installed . | . . . . . . . . . . . . . . Triggered . | . . . . . . . . . . . . . . Machines | -11 -10 -10 -10 -9 -8 -7 -6 -5 -4 -3 -2 -2 -2 ---------- Run | Scr Mat Min Exi Min Mat Fac Fac Fac Fac Res Res Gar Res Machines Disabled 3 | . . . . . 1 . 1 . . 1 . . . Max in Single Turn 1 | . . . . . . . 1 . . . . . . Garrison Access 4 | . . . . . . . 1 1 1 1 . . . Machines Sabotaged . | . . . . . . . . . . . . . . Garrisons Compromised . | . . . . . . . . . . . . . . Overloaded Fab Kills . | . . . . . . . . . . . . . . Fab Network Shutdowns 1 | . . . . . . . . 1 . . . . . Hacking | -11 -10 -10 -10 -9 -8 -7 -6 -5 -4 -3 -2 -2 -2 --------- Run | Scr Mat Min Exi Min Mat Fac Fac Fac Fac Res Res Gar Res Machines Accessed 48 | . . 1 . 1 2 9 6 11 8 7 3 . . Terminals 30 | . . 1 . . 2 6 3 8 4 4 2 . . Fabricators 11 | . . . . . . 3 2 2 3 1 . . . Repair Stations . | . . . . . . . . . . . . . . Recycling Units 1 | . . . . . . . . . . 1 . . . Scanalyzers . | . . . . . . . . . . . . . . Garrison Access 5 | . . . . . . . 1 1 1 1 1 . . Total Hacks 209 | . . 3 . 1 2 25 20 50 55 32 21 . . Successful 157 | . . 1 . 1 1 14 18 40 40 25 17 . . Failed 50 | . . 2 . . 1 11 2 8 15 7 4 . . Catastrophic 4 | . . 1 . . . 1 . . 1 1 . . . Database Lockouts 2 | . . . . . . . . 2 . . . . . Manual 118 | . . 2 1 . 2 10 9 21 39 23 11 . . Terminals 154 | . . 3 . . 2 12 11 42 40 24 20 . . Fabricators 45 | . . . . . . 13 8 6 14 4 . . . Repair Stations . | . . . . . . . . . . . . . . Recycling Units 3 | . . . . . . . . . . 3 . . . Scanalyzers . | . . . . . . . . . . . . . . Garrison Access 6 | . . . . . . . 1 2 1 1 1 . . Terminal Hacks 83 | . . 1 . 1 1 3 6 26 21 12 12 . . Record 12 | . . 1 . . . . . 11 . . . . . Part Schematic 13 | . . . . . . 1 1 1 8 1 1 . . Prototype ID Bank 3 | . . . . . . . . 1 2 . . . . Open Door 2 | . . . . 1 . . . 1 . . . . . Level Access Points 6 | . . . . . . 1 1 1 1 1 1 . . Branch Access Points 3 | . . . . . . . 1 . . 1 1 . . Emergency Access Points 4 | . . . . . . . . 2 2 . . . . Machine Index 1 | . . . . . . . . . 1 . . . . Terminal Index 5 | . . . . . . . 1 1 1 1 1 . . Fabricator Index 5 | . . . . . . . 1 1 1 1 1 . . Recycling Unit Index 1 | . . . . . . . . . . 1 . . . Garrison Index 3 | . . . . . . . . 1 1 1 . . . Alert Level 2 | . . . . . . . . 1 . . 1 . . Unreport Threat 5 | . . . . . . . . 1 1 . 3 . . Locate Traps 3 | . . . . . . . . 1 1 1 . . . Disarm Traps 2 | . . . . . 1 . . . . 1 . . . Extermination Status 1 | . . . . . . . . 1 . . . . . Recall Extermination 1 | . . . . . . . . . . 1 . . . Recall Reinforcements 3 | . . . . . . . . . . 1 2 . . Zone Layout 8 | . . . . . . 1 1 2 2 1 1 . . Fabricator Hacks 26 | . . . . . . 8 6 4 6 2 . . . Load Schematic 11 | . . . . . . 3 2 2 3 1 . . . Build 15 | . . . . . . 5 4 2 3 1 . . . Repair Station Hacks . | . . . . . . . . . . . . . . Recycling Unit Hacks 3 | . . . . . . . . . . 3 . . . Report Inventory 1 | . . . . . . . . . . 1 . . . Retrieve Matter 1 | . . . . . . . . . . 1 . . . Retrieve Components 1 | . . . . . . . . . . 1 . . . Scanalyzer . | . . . . . . . . . . . . . . Garrison Access Hacks 5 | . . . . . . . 1 1 1 1 1 . . Unlock Access 1 | . . . . . . . . . . . 1 . . Seal Access 4 | . . . . . . . 1 1 1 1 . . . Unauthorized Hacks 40 | . . . . . . 3 5 9 12 7 4 . . Terminals 31 | . . . . . . 3 4 8 7 5 4 . . Track 5 | . . . . . . . 2 2 1 . . . . Assimilate 5 | . . . . . . . 1 1 3 . . . . Botnet 12 | . . . . . . 3 . 4 2 2 1 . . Disrupt 4 | . . . . . . . . . . 2 2 . . Operators 5 | . . . . . . . 1 1 1 1 1 . . Fabricators 9 | . . . . . . . 1 1 5 2 . . . Prioritize 6 | . . . . . . . 1 1 3 1 . . . Siphon 3 | . . . . . . . . . 2 1 . . . Repair Stations . | . . . . . . . . . . . . . . Recycling Units . | . . . . . . . . . . . . . . Scanalyzers . | . . . . . . . . . . . . . . Garrison Access . | . . . . . . . . . . . . . . Data Cores Recovered . | . . . . . . . . . . . . . . Used . | . . . . . . . . . . . . . . Hacking Detections 30 | . . 1 . . 1 7 4 6 3 5 3 . . Full Trace Events . | . . . . . . . . . . . . . . Feedback Events . | . . . . . . . . . . . . . . Feedback Blocked . | . . . . . . . . . . . . . . Robot Schematics Acquired . | . . . . . . . . . . . . . . Robots Built . | . . . . . . . . . . . . . . Matter . | . . . . . . . . . . . . . . Time . | . . . . . . . . . . . . . . Total Robot Build Rating . | . . . . . . . . . . . . . . Part Schematics Acquired 13 | . . . . . . 1 1 1 8 1 1 . . Parts Built 14 | . . . . . . 5 3 2 3 1 . . . Matter 2879 | . . . . . . 730 855 497 584 213 . . . Time 641 | . . . . . . 180 228 91 117 25 . . . Total Part Build Rating 63 | . . . . . . 15 15 11 17 5 . . . Parts Repaired . | . . . . . . . . . . . . . . Time . | . . . . . . . . . . . . . . Parts Recycled . | . . . . . . . . . . . . . . Recycled Matter . | . . . . . . . . . . . . . . Retrieved Matter . | . . . . . . . . . . . . . . Retrieved Components 2 | . . . . . . . . . . 2 . . . Parts Scanalyzed . | . . . . . . . . . . . . . . Part Schematics Acquired . | . . . . . . . . . . . . . . Parts Damaged . | . . . . . . . . . . . . . . Bothacking | -11 -10 -10 -10 -9 -8 -7 -6 -5 -4 -3 -2 -2 -2 ------------ Run | Scr Mat Min Exi Min Mat Fac Fac Fac Fac Res Res Gar Res Used RIF Installer . | . . . . . . . . . . . . . . Robots Hacked . | . . . . . . . . . . . . . . Non-combat . | . . . . . . . . . . . . . . Combat . | . . . . . . . . . . . . . . Robot Hacks Applied . | . . . . . . . . . . . . . . Relay Couplers Released . | . . . . . . . . . . . . . . Robots Rewired 2 | . . . 2 . . . . . . . . . . Allies Hacked 1 | . . . . . . . . . . 1 . . . Hacks Repelled . | . . . . . . . . . . . . . . Allies | -11 -10 -10 -10 -9 -8 -7 -6 -5 -4 -3 -2 -2 -2 -------- Run | Scr Mat Min Exi Min Mat Fac Fac Fac Fac Res Res Gar Res Total Allies 9 | . . . 2 . . . . 1 2 4 . . . Largest Group 2 | . . . 2 2 2 . . . 2 2 . . . Highest-Rated Group 112 | . . . 29 29 29 . . . 52 112 . . . Highest-Rated Ally 64 | . . . 21 21 21 . . . 26 64 . . . Total Orders . | . . . . . . . . . . . . . . Ally Attacks 31 | . . . . 10 7 . . . . 14 . . . Total Damage 1108 | . . . . 151 137 . . . . 820 . . . Kills 12 | . . . . 5 3 . . . . 4 . . . Allies Corrupted 2 | . . . . . . . . . . 2 . . . Allies Melted . | . . . . . . . . . . . . . . Field Lobotomies 4 | . . . . . . . . . . 4 . . . Intel | -11 -10 -10 -10 -9 -8 -7 -6 -5 -4 -3 -2 -2 -2 ------- Run | Scr Mat Min Exi Min Mat Fac Fac Fac Fac Res Res Gar Res Robot Analysis Total . | . . . . . . . . . . . . . . Derelict Logs Recovered 4 | . . 2 . 2 . . . . . . . . . Drone Launches . | . . . . . . . . . . . . . . Drone Recoveries . | . . . . . . . . . . . . . . Exploration | -11 -10 -10 -10 -9 -8 -7 -6 -5 -4 -3 -2 -2 -2 ------------- Run | Scr Mat Min Exi Min Mat Fac Fac Fac Fac Res Res Gar Res Turns Passed 6018 | 54 168 608 730 327 551 1166 894 609 233 369 61 109 139 Spaces Moved 5302 | 35 103 363 414 171 293 579 516 1002 559 717 126 145 279 Core 323 | 6 . . . . . . . . . . 34 145 138 Treads 1087 | 29 103 363 157 . . 289 146 . . . . . . Legs 280 | . . . 257 23 . . . . . . . . . Wheels 1101 | . . . . 148 293 290 370 . . . . . . Hover . | . . . . . . . . . . . . . . Flight 2511 | . . . . . . . . 1002 559 717 92 . 141 Fastest Speed 17 | 50 160 160 120 120 100 120 120 20 17 28 32 50 34 Average Speed 83 | 141 160 160 152 128 113 149 134 28 26 29 39 53 45 Slowest Speed 200 | 160 160 160 180 180 130 180 160 30 27 110 50 200 150 Overloaded Moves 441 | . . . . . . . . 314 60 67 . . . Propulsion Burnouts 1 | . . . . . . . . 1 . . . . . Robots Hopped 38 | . . . . . . . . 6 5 20 2 . 5 Cave-ins Triggered . | . . . . . . . . . . . . . . Exploration Rate (%) 28 | 3 27 62 71 43 41 18 17 24 17 27 9 32 14 Regions Visited 13 Branch Regions 3 Pre-discovered Areas 1 | . . 1 . . . . . . . . . . . Known Exits Taken 7 | . . . . . 1 1 1 1 1 1 1 . . Unknown Exits Taken 5 | 1 1 1 1 1 . . . . . . . . . Scrap Searched . | . . . . . . . . . . . . . . Spaces Dug 55 | . . . . . . 8 9 26 6 4 2 . . Terrain Destroyed 63 | . . . . 2 . 12 11 26 6 4 2 . . Melee 39 | . . . . . . . 3 26 6 4 . . . Projectile 24 | . . . . 2 . 12 8 . . . 2 . . AOE . | . . . . . . . . . . . . . . Terrain Rammed . | . . . . . . . . . . . . . . Walls Destroyed . | . . . . . . . . . . . . . . Machines Disabled . | . . . . . . . . . . . . . . Actions | -11 -10 -10 -10 -9 -8 -7 -6 -5 -4 -3 -2 -2 -2 --------- Run | Scr Mat Min Exi Min Mat Fac Fac Fac Fac Res Res Gar Res Total 6557 | 38 105 390 491 258 441 844 660 1282 626 835 134 168 285 Wait 889 | . . 26 20 61 79 210 83 242 54 101 . 13 . Move 5222 | 34 102 362 413 170 292 578 515 989 548 682 122 144 271 Hop 30 | . . . . . . . . 6 5 14 2 . 3 Pick Up 42 | . 1 . 5 7 4 9 5 4 2 3 . . 2 Fast Attach 45 | 4 2 1 3 2 9 6 3 3 3 5 . 1 3 Attach 29 | . . . . 1 4 3 3 5 2 3 4 1 3 Detach 9 | . . 1 . 1 . . . . 1 2 4 . . Swap 18 | . . . 3 1 7 3 3 . 1 . . . . Drop 42 | . . . 2 4 8 8 7 7 2 3 . 1 . Fire 114 | . . . 11 11 38 27 14 . . 5 2 6 . Melee 67 | . . . . . . . 27 26 8 6 . . . Ram 5 | . . . . . . . . . . . . 2 3 Kick . | . . . . . . . . . . . . . . Crush . | . . . . . . . . . . . . . . Escape Stasis 11 | . . . . . . . . . . 11 . . . Rewire 34 | . . . 34 . . . . . . . . . . Trap . | . . . . . . . . . . . . . . Miscellaneous . | . . . . . . . . . . . . . . Route ------- -11/Scrapyard -10/Materials -10/Mines -10/Exiles -9/Mines -8/Materials -7/Factory (discovered 4 exits: *Fac x4) -6/Factory (discovered 6 exits: *Fac x4 / *Low x2) -5/Factory (discovered 6 exits: *Fac x4 / *Upp / [*Ext]) -4/Factory (discovered 4 exits: *Res x4) -3/Research (discovered 5 exits: *Res x3 / Tes x2) -2/Research (discovered 6 exits: Acc x3 / Qua x2 / Gar) -2/Garrison -2/Research History --------- Turn | Location | Event 6 | -11/Scrapyard | Discovered new exit (range 13) 55 | -11/Scrapyard | Entered Materials 154 | -10/Materials | Discovered new exit (range 6) 223 | -10/Materials | Entered Mines 233 | -10/Mines | Met a Derelict bent on vengeance 235 | -10/Mines | Learned location of Mines (-9) 301 | -10/Mines | Build established: Mutant 441 | -10/Mines | Learned Materials interactive machine intel 481 | -10/Mines | Found a damaged Exp. Sensor Array with a note attached 485 | -10/Mines | Found Prototype Device 485 | -10/Mines | Identified Exp. Sensor Array 823 | -10/Mines | Deemed a non-threat by the Exiles lab entrance 824 | -10/Mines | Discovered new exit (range 5) 831 | -10/Mines | Entered Exiles 831 | -10/Exiles | Found Exiles lab destroyed 990 | -10/Exiles | Opened EX-Vault 998 | -10/Exiles | Found Prototype Special Weapon 999 | -10/Exiles | Identified Field Lobotomy Kit 1541 | -10/Exiles | Discovered new exit (range 12) 1561 | -10/Exiles | Entered Mines 1561 | -9/Mines | Accompanied by 2 allies 1693 | -9/Mines | Assembled infested the area 1730 | -9/Mines | Learned 2 Materials zone layouts 1863 | -9/Mines | Discovered new exit (range 13) 1879 | -9/Mines | Learned location of 1 exit from Lower Caves 1887 | -9/Mines | Met a Derelict shopkeep closing up shop 1888 | -9/Mines | Entered Materials 1888 | -8/Materials | Accompanied by 2 allies 1888 | -8/Materials | Evolved 4 slots: Propulsion x1, Utility x3 1890 | -8/Materials | Loaded intel: 19 interactive machine locations 2158 | -8/Materials | Build established: Scavenger-Mutant 2403 | -8/Materials | Discovered new exit (range 7) 2438 | -8/Materials | Identified exit to Factory 2439 | -8/Materials | Entered Factory 2439 | -7/Factory | Evolved 2 slots: Utility x2 3263 | -7/Factory | Lost 3 parts (1p1n1u) 3296 | -7/Factory | Fabricated Hacking Suite (x1) 3340 | -7/Factory | Fabricated Hacking Suite (x1) 3377 | -7/Factory | Fabricated Hacking Suite (x1) 3437 | -7/Factory | Identified exit to Factory 3519 | -7/Factory | Fabricated Hacking Suite (x1) 3557 | -7/Factory | Fabricated Hacking Suite (x1) 3599 | -7/Factory | Build established: Hacker-Mutant 3605 | -7/Factory | Entered another Factory area 3605 | -6/Factory | Evolved 2 slots: Utility x2 3821 | -6/Factory | Identified exit to Lower Caves 3979 | -6/Factory | Identified exit to Factory 4262 | -6/Factory | Fabricated Cld. Cesium-ion Thruster (x1) 4277 | -6/Factory | Build established: Wizard-Mutant 4279 | -6/Factory | Fabricated Cld. Cesium-ion Thruster? 4301 | -6/Factory | Fabricated Cld. Cesium-ion Thruster? 4499 | -6/Factory | Entered another Factory area 4499 | -5/Factory | Evolved 2 slots: Power x1, Utility x1 4792 | -5/Factory | Build established: Wizard-Ninja 4796 | -5/Factory | Discovered new exit (range 6) 4933 | -5/Factory | Identified exit to Factory 4941 | -5/Factory | Central database locked down 4987 | -5/Factory | Discovered new exit (range 18) 5000 | -5/Factory | Identified exit to Upper Caves 5006 | -5/Factory | Central database locked down 5079 | -5/Factory | Fabricated Cld. Cesium-ion Thruster? 5084 | -5/Factory | Fabricated Adv. System Shield? 5098 | -5/Factory | Local fabrication network quarantined 5108 | -5/Factory | Entered another Factory area 5108 | -4/Factory | Evolved 2 slots: Propulsion x1, Utility x1 5180 | -4/Factory | Fabricated Adv. System Shield? 5242 | -4/Factory | Fabricated Adv. Hacking Suite (x1) 5259 | -4/Factory | Identified exit to Research 5317 | -4/Factory | Fabricated Exp. Terrain Scan Processor (x1) 5341 | -4/Factory | Entered Research 5341 | -3/Research | Evolved 2 slots: Utility x2 5479 | -3/Research | Assimilated Y-72 Warden with FLK Orb 5602 | -3/Research | Assimilated H-77 Assassin with FLK Orb 5605 | -3/Research | Assimilated H-77 Assassin with FLK Orb 5616 | -3/Research | Build established: Wizard-Sprinter 5648 | -3/Research | Identified exit to Research 5648 | -3/Research | Identified exit to Testing 5654 | -3/Research | Garrison activated, responded to threat 5660 | -3/Research | Fabricated Exp. Terrain Scanner? 5668 | -3/Research | Assimilated Y-72 Warden with FLK Orb 5702 | -3/Research | Spotted B-86 Titan 5710 | -3/Research | Entered another Research area 5710 | -2/Research | Evolved 2 slots: Utility x2 5720 | -2/Research | Identified exit to Access 5720 | -2/Research | Identified exit to Quarantine 5771 | -2/Research | Identified exit to Garrison 5771 | -2/Research | Entered Garrison 5783 | -2/Garrison | Lost 7 parts (1p4n1u1w) 5854 | -2/Garrison | Spotted B-90 Cyclops 5861 | -2/Garrison | Core integrity fell below 50% 5874 | -2/Garrison | Discovered new exit (range 12) 5880 | -2/Garrison | Entered Research 5889 | -2/Research | Lost 9 parts (8u1w) 5990 | -2/Research | Core integrity fell below 20% 6018 | -2/Research | System corruption reached 10% 6019 | -2/Research | Self-destructed Last Messages --------------- 05997_ Impulse Thruster Array destroyed. 05997_ Mic. Fission Core destroyed. 05998_ K-01 Serf collects debris. 05998_ Penetrated by Slug. 06001_ K-01 Serf cleans the Antiparticle Reservoir. 06001_ ALERT: Hostiles spotted, dispatching reinforcements to Terminal R014. 06003_ Acquired Impulse Thruster Array. 06004_ System corrupted: Substantial component data lost. 06004_ K-01 Serf cleans the Antiparticle Reservoir. 06005_ Acquired Impulse Thruster Array. 06009_ K-01 Serf cleans the Antiparticle Reservoir. 06015_ Slug penetrates Wall. 06015_ K-01 Serf cleans the Antiparticle Reservoir. 06016_ Slug penetrates Wall. 06017_ Triggered EM Surge Trap. 06017_ The floor emits a surge of raw power. 06017_ System corrupted (+5). 06018_ Slug penetrates Wall. 06018_ Penetrated by Slug. Map ----- +----------------------------------------------------+ | ?????????????????????????????????????????????????? | | ?????????????????????????????????????????????????? | | ?????????????????????????????????????????????????? | | ?????????????????????????????????????????????????? | | ?????????????????????????????????????????????????? | | ?????????????????????????????????????????????????? | | ?????????????????????????????????????????????????? | | ?????????????????????????????????????????????????? | | ?????????????????????????????????????????????????? | | ?????????????????????????????????????????????????? | | ??????????????????????? ???????????????????????? | | ?????????????????????# u???????????????????????? | | ?????????????????????# ???????????????????????? | | ?????????????????????# ???????????????????????? | | ?????????????????????#k ???????????????????????? | | ?????????????????????# ???????????????????????? | | ?????????????????????# ???????????????????????? | | ?????????????????????+ #??????????????????????? | | ?????????????????????# #??????????????????????? | | ?????????????????????# h #??????????????????????? | | ????????????########## #??????????????????????? | | ??????????? h #??????????????????????? | | ??????????? #??????????????????????? | | ?????????? A +??????????????????????? | | ?????????????? g #??????????????????????? | | ?????????????????????#g @#??????????????????????? | | ?????????????????????# #??????????????????????? | | ?????????????????????# #??????????????????????? | | ?????????????????????# u #??????????????????????? | | ?????????????????????# #?????#????????????????? | | ?????????????????????# #???? #????????????????? | | ?????????????????????# #???#/##???????????????? | | ?????????????????????# #?? ???????????????? | | ?????????????????????# #?? ????????????????? | | ?????????????????????# #? "" #?????????????? | | ?????????????????????# #? """ #????????????? | | ?????????????????????# # "T ??????????????? | | ?????????????????????# # """ #?????????????? | | ?????????????????????# " "" #?????????????? | | ????????????#######??# # #?????????????? | | ????????????? ??# # #?????????????? | | ?????????????? ?# ###################+##?? | | ??????????????""" ?# ??? | | ??????????????"""" # ??? | | ???????????? """" # ??? | | ???????????? """ + """" ????## | | ???????????# # """" #????????# | | ???????????# # """" ! #????????# | | ???????????########### """" ! ########## | | ????? ! ## | +----------------------------------------------------+ Best States ------------- Heat Dissipation 49 Energy Generation 36 Energy Capacity 380 Matter Stores 300 Matter Capacity 300 Sight Range 16 Robot Scan Range 30 Terrain Scan Range 30 Terrain Scan Density 1010 Jamming Range 16 Cloak Strength 2 Heat Shielding 75 Armor Coverage 225 Evasion (%) 64 Targeting Accuracy 5 Recoil Reduction 2 Offensive Hacking 66 Defensive Hacking 42 Item Schematics ----------------- Hacking Suite | -7/Factory | Hacked Cld. Cesium-ion Thruster | -6/Factory | Hacked Adv. System Shield | -5/Factory | Hacked Adv. Hacking Suite | -4/Factory | Hacked Cld. Nuclear Pulse Thruster | -4/Factory | Hacked Mic. Fission Core | -4/Factory | Hacked Greatsword | -4/Factory | Hacked Exp. Propulsion Shielding | -4/Factory | Hacked Exp. Terrain Scan Processor | -4/Factory | Hacked Exp. Terrain Scanner | -4/Factory | Hacked Lgt. Quantum Reactor | -4/Factory | Hacked Exp. Sensor Array | -3/Research | Hacked Imp. Stasis Canceller | -2/Research | Hacked Robot Schematics ------------------ None Fabricated ------------ Hacking Suite | x1 | -7/Factory Hacking Suite | x1 | -7/Factory Hacking Suite | x1 | -7/Factory Hacking Suite | x1 | -7/Factory Hacking Suite | x1 | -7/Factory Cld. Cesium-ion Thruster | x1 | -6/Factory Cld. Cesium-ion Thruster | x1 | -6/Factory Cld. Cesium-ion Thruster | x1 | -6/Factory Cld. Cesium-ion Thruster | x1 | -5/Factory Adv. System Shield | x1 | -5/Factory Adv. System Shield | x1 | -4/Factory Adv. Hacking Suite | x1 | -4/Factory Exp. Terrain Scan Processor | x1 | -4/Factory Exp. Terrain Scanner | x1 | -3/Research Alien Tech Used ----------------- None Achievements -------------- Production Line Challenges ------------ None Game ------ Seed AntigravCoolingMicrothruster Manual? 0 Play Time 01:55:54 Cumulative 86.4 hours Start 2021.05.07 @ 02:38:43 End 2021.06.07 @ 05:37:55 Sessions 6 Manual Loads 0 Difficulty Rogue Special Mode None Game No. 136 Rogue 136 Adventurer 0 Explorer 0 Win Type - Total 1 Types 1/0/0/0/0/0/0/0/0 Lore% 46 Gallery% 63 Achievement% 51 Wizard Run 0 Options --------- ASCII 0 Keyboard 0 Movement Numpad Keybinds 0 Fullscreen 1 Font 18/Terminus Map View 76x50 Tactical HUD 1 Map Filters NONE Filters NONE Steam 1 RUN: 5c7aee02-0924-462f-b4d4-5bc847f44635